 Dungeon Crawl Stone Soup version 0.32-a0-560-g4c7f4391e0 (webtiles) character file.

Game seed: 2736916639584603063

0 Dogenite the Slasher (level 1, 0/19 HPs)
             Began as a Minotaur Berserker on Feb 29, 2024.
             Was a Follower of Trog.
             Slain by a kobold
             ... wielding a +0 club
              (2 damage)
             ... on level 1 of the Dungeon.
             The game lasted 00:00:29 (15 turns).

Dogenite the Slasher (Minotaur Berserker)             Turns: 15, Time: 00:00:30

Health: 0/19       AC:  2    Str: 21    XL:     1   Next: 8%
Magic:  0/0        EV: 12    Int:  4    God:    Trog [*.....]
Gold:   0          SH:  0    Dex:  9    Spells: 0/0 levels left

rFire   . . .        a - +0 falchion
rCold   . . .        (no shield)
rNeg    . . .        b - +0 animal skin
rPois   .            (helmet restricted)
rElec   .            (no cloak)
rCorr   .            (no gloves)
SInv    .            (no boots)
Will    .....        (no amulet)
Stlth   +            (no ring)
HPRegen 0.23/turn    (no ring)
MPRegen 0.07/turn

%: no passive effects
@: no status effects
A: horns 2, retaliatory headbutt
a: Renounce Religion, Berserk


You were on level 1 of the Dungeon.
You worshipped Trog.
Trog was aware of your devotion.
You visited 1 branch of the dungeon, and saw 1 of its levels.

Inventory:

Hand Weapons
 a - a +0 falchion (weapon)
Armour
 b - a +0 animal skin (worn)


   Skills:
 + Level 3.6 Fighting
 + Level 3.6 Long Blades
 + Level 2.4 Armour
 + Level 2.2 Dodging


You couldn't memorise any spells.
You didn't know any spells.
Your spell library was empty.

Dungeon Overview and Level Annotations

Branches:
Dungeon (1/15)

Altars:


Innate Abilities, Weirdness & Mutations

You have a pair of horns on your head.
You reflexively headbutt those who attack you in melee.


Message History

Welcome, Dogenite the Minotaur Berserker.
Will you be the one to retrieve the incredible Orb of Zot from the depths?
Trog says: Kill them all!
Press ? for a list of commands and other information.
Found 11 gold pieces.
Found a staircase leading out of the dungeon.
Okay, then.
A ball python comes into view.
A kobold comes into view. It is wielding a +0 club.
The kobold shouts!
The ball python closely misses you. The ball python barely misses you.
The ball python bites you. The ball python closely misses you.
A ball python comes into view.
The kobold hits you but does no damage.
The ball python hisses angrily.
You hit the ball python but do no damage.
The ball python bites you. The ball python grabs you.
The ball python constricts you. The kobold hits you with a +0 club.
You barely miss the ball python. The ball python bites you.
The ball python constricts you. The kobold hits you with a +0 club.
The ball python barely misses you. The ball python constricts you.
You hit the ball python.
You kill the ball python!
Trog accepts your kill. The kobold hits you with a +0 club.
* * * LOW HITPOINT WARNING * * *
The kobold hits you with a +0 club.
* * * LOW HITPOINT WARNING * * *
You see here a ball python corpse.
The kobold attacks as it pursues you! The kobold hits you with a +0 club.
You die...

#.. #.# ###.#
#...#
♣♣♣...♣♣♣
♣♣...†.$.♣♣
♣♣.........♣♣
♣....♣.♣SK..♣
♣.....⌠..@..♣
#♣...♣.♣....♣
♣..........♣♣
♣<.#♣.....♣♣
#♣♣♣♣♣♣♣♣♣♣


You could see a ball python and a kobold.

Vanquished Creatures
  A ball python (D:1)
1 creature vanquished.

Notes
Turn   | Place    | Note
-------+----------+-------------------------------------------
     0 | D:1      | Dogenite the Minotaur Berserker began the quest for the
                  | Orb.
     0 | D:1      | Reached XP level 1. HP: 19/19 MP: 0/0
    15 | D:1      | Slain by a kobold

Illustrated notes

Levels and vault maps discovered:
D:1:      amcnicky_arrival_underground_garden, layout_basic

Action                     || total
---------------------------++-------
  Melee: Falchion          ||     3
 Armour: Animal skin       ||    12
  Dodge: Dodged            ||     4

Table legend: (Time is in decaauts)
 A = Elapsed time spent in this place.
 B = Non-inter-level travel time spent in this place.
 C = Inter-level travel time spent in this place.
 D = Time resting spent in this place.
 E = Time spent auto-exploring this place.
 F = Levels seen in this place.
 G = Mean time per level.
                   A        B        C        D        E       F      G
               +--------+--------+--------+--------+--------+-----+--------+
         Total |     15 |     15 |      0 |      0 |      0 |   1 |   15.0 |
       Dungeon |     15 |     15 |      0 |      0 |      0 |   1 |   15.0 |
               +--------+--------+--------+--------+--------+-----+--------+

Top non-repeatable levels by time:
     D:1: 15 daAuts
